 Dungeon Crawl Stone Soup version 0.31-a0-640-g39d97e502b (webtiles) character file.

Game seed: 5801229377013439827

151 zenocrate the Ruffian (level 5, -1/48 HPs)
             Began as a Troll Warper on Aug 29, 2023.
             Slain by Grinder (4 damage)
             ... on level 3 of the Dungeon.
             The game lasted 00:02:38 (1735 turns).

zenocrate the Ruffian (Troll Warper)                Turns: 1735, Time: 00:02:39

Health: -1/48      AC:  4    Str: 21    XL:     5   Next: 10%
Magic:  5/5        EV:  9    Int:  9    God:
Gold:   132        SH:  0    Dex:  9    Spells: 4/6 levels left

rFire   . .          .
                       - Unarmed
rCold   . . .        (no shield)
rNeg    . . .        a - +0 robe
rPois   .            (helmet restricted)
rElec   .            (no cloak)
rCorr   .            (gloves unavailable)
SInv    .            (boots unavailable)
Will    .....        p - amulet of the acrobat
Stlth   +            v - +4 ring of slaying
HPRegen 1.08/turn    (no ring)
MPRegen 0.09/turn

%: acrobat
@: no status effects
A: large, unfitting armour, claws 3, regeneration 1, shaggy fur 1, tough skin 1
a: no special abilities


You were on level 3 of the Dungeon.
You visited 1 branch of the dungeon, and saw 3 of its levels.

You collected 132 gold pieces.

Inventory:

Missiles
 c - 7 darts of dispersal (quivered)
 y - 2 throwing nets
 D - 2 large rocks
Armour
 a - a +0 robe (worn)
Jewellery
 p - an amulet of the acrobat (around neck)
 v - a +4 ring of slaying (left claw)
Talismans
 k - a blade talisman
 o - a talisman of death
 C - a maw talisman
Wands
 B - a wand of mindburst (17)
Scrolls
 b - a scroll of blinking
 f - a scroll of enchant weapon {unknown}
 g - a scroll of revelation {unknown}
 h - a scroll of acquirement {unknown}
 j - 2 scrolls of teleportation {unknown}
 m - a scroll of poison {unknown}
 n - a scroll of amnesia {unknown}
 s - a scroll of torment {unknown}
 x - a scroll of vulnerability {unknown}
 z - a scroll of fear {unknown}
Potions
 d - a potion of curing
 e - a potion of might
 i - a potion of berserk rage
 l - a potion of brilliance
 q - 2 potions of lignification {unknown}
 r - a potion of ambrosia {unknown}
 t - a potion of enlightenment {unknown}
 u - a potion of magic {unknown}
 w - a potion of mutation {unknown}
 A - a potion of heal wounds {unknown}


   Skills:
 - Level 1.5 Fighting
 - Level 0.8 Throwing
 - Level 1.9 Dodging
 + Level 4.2 Unarmed Combat
 - Level 1.2 Spellcasting
 + Level 3.2 Translocations


You had 4 spell levels left.
You knew the following spells:

 Your Spells              Type           Power      Damage    Failure   Level
a - Blink                 Tloc           12%        N/A       14%         2

Your spell library contained the following spells:

 Spells                   Type           Power      Damage    Failure   Level
 Lesser Beckoning         Tloc           12%        N/A       14%         2
 Teleport Other           Tloc           6%         N/A       28%         3
 Manifold Assault         Tloc           6%         N/A       67%         4
 Vhi's Electric Charge    Tloc/Air       6%         N/A       88%         4


Dungeon Overview and Level Annotations

Branches:
Dungeon (3/15)

Altars:

Annotations:
D:3 Grinder


Innate Abilities, Weirdness & Mutations

You are too large for most types of armour.
You have claws for hands.
Your natural rate of healing is unusually fast.
You are covered in fur. (AC +1)
You have tough skin. (AC +1)


Message History

You claw Grinder!
Grinder is moderately wounded.
Grinder grins, showing sharp teeth.
Grinder hits you.
You writhe in agony.
Grinder is nearby!
Grinder is nearby!
You closely miss Grinder.
Grinder is moderately wounded.
Grinder gestures at you.
You barely resist. You scratch Grinder.
Grinder is moderately wounded.
Grinder misses you.
You claw Grinder!
Grinder is moderately wounded.
Grinder hits you!
You writhe in agony.
You completely miss Grinder.
Grinder is moderately wounded.
Grinder closely misses you.
You are too injured to fight recklessly!
You scratch Grinder.
Grinder is heavily wounded.
Grinder barely misses you.
You closely miss Grinder.
Grinder is heavily wounded.
Grinder hits you!
You are too injured to fight recklessly!
You scratch Grinder.
Grinder is severely wounded.
Grinder gestures at you. Pain shoots through your body!
* * * LOW HITPOINT WARNING * * *
Unknown command.
You completely miss Grinder.
Grinder is severely wounded.
Grinder hits you!
* * * LOW HITPOINT WARNING * * *
You writhe in agony.
You die...
Grinder says, "Now the real fun starts!"

##.####..# #...##.#......
.........# #............
.........#####.#.########
.................#
.........#####.###
..<.....## #..#
........## ##.#
.........## #.#
.......#@.# #.#
.......5#># #.# ........
... ... ........
......... .?......
##........ ........
........# .......#
########## .....#


You could see Grinder.

Vanquished Creatures
  A scorpion (D:3)
  3 gnolls (D:3)
  3 adders
  2 worms
  A dart slug (D:2)
  An orc (D:3)
  2 bats (D:2)
  3 endoplasms
  A giant cockroach (D:3)
  2 goblins
  2 hobgoblins
  2 quokkas
  4 ball pythons
  3 frilled lizards
  3 kobolds
  4 rats
37 creatures vanquished.

Notes
Turn   | Place    | Note
-------+----------+-------------------------------------------
     0 | D:1      | zenocrate the Troll Warper began the quest for the Orb.
     0 | D:1      | Reached XP level 1. HP: 19/19 MP: 1/1
   267 | D:1      | Found a faded altar of an unknown god.
   468 | D:1      | Reached XP level 2. HP: 27/27 MP: 2/2
   480 | D:1      | Learned a level 2 spell: Blink
  1007 | D:2      | Reached skill level 3 in Unarmed Combat
  1194 | D:2      | Reached XP level 3. HP: 24/33 MP: 3/3
  1527 | D:3      | Reached XP level 4. HP: 11/41 MP: 2/4
  1611 | D:3      | Noticed a scorpion
  1619 | D:3      | Killed a scorpion
  1620 | D:3      | Reached skill level 4 in Unarmed Combat
  1620 | D:3      | Reached XP level 5. HP: 37/48 MP: 5/5
  1725 | D:3      | Noticed Grinder
  1735 | D:3      | Slain by Grinder

Illustrated notes

Levels and vault maps discovered:
D:1:      dpeg_arrival_signposts, layout_loops_ring,
          nicolae_ecumenical_lake_church, hangedman_decor_opposing
D:2:      layout_loops_ring
D:3:      layout_rooms, uniq_grinder

Skill      XL: |  1  2  3  4 |
---------------+-------------+-----
Unarmed Combat | 3 4 |  4.2
Translocations | 3 |  3.2
Fighting       | |  1.5
Throwing       | |  0.8
Dodging        | |  1.9
Spellcasting   | |  1.2

Action                     |  1- 3 |  4- 6 || total
---------------------------+-------+-------++-------
  Melee: Unarmed           |    65 |    20 ||    85
         Punch             |     2 |       ||     2
   Cast: Blink             |     1 |       ||     1
    Use: Scroll            |     4 |       ||     4
 Armour: Robe              |    14 |       ||    14
  Dodge: Dodged            |    35 |     6 ||    41

Table legend: (Time is in decaauts)
 A = Elapsed time spent in this place.
 B = Non-inter-level travel time spent in this place.
 C = Inter-level travel time spent in this place.
 D = Time resting spent in this place.
 E = Time spent auto-exploring this place.
 F = Levels seen in this place.
 G = Mean time per level.
                   A        B        C        D        E       F      G
               +--------+--------+--------+--------+--------+-----+--------+
         Total |   1728 |   1652 |     76 |      8 |   1364 |   3 |  576.0 |
       Dungeon |   1728 |   1652 |     76 |      8 |   1364 |   3 |  576.0 |
               +--------+--------+--------+--------+--------+-----+--------+

Top non-repeatable levels by time:
     D:1: 780 daAuts
     D:2: 649 daAuts
     D:3: 298 daAuts
